Map: Amphion LE

Players

stones

  • Race: Protoss Protoss
  • League: Platinum
  • Spawn Location: 11:00

ohmygodism - Winner!

  • Race: Terran Terran
  • League: Platinum
  • Spawn Location: 7:00

VOD

Have the link to the VOD?

Description

Time

  • Played on: Oct. 16, 2024, 11:40 p.m.
  • Length: 7:33
Show
View Real Time Build Order
Export as new Build Order

stones Protoss 

Build Orders:  

Get SALT Encoding   

  12  0:01  Probe  
  13  0:13  Pylon  
  13  0:18  Probe  
  14  0:30  Probe  
  14  0:35  Gateway  
  15  0:41  Assimilator  
  15  0:48  Probe  
  16  1:02  Gateway  
  16  1:04  Probe  
  17  1:12  Assimilator  
  17  1:16  Probe  
  18  1:26  Cybernetics Core  
  18  1:28  Probe  
  19  1:35  Pylon  
  19  1:41  Probe  
  20  2:00  Warp Gate (Chrono Boost)  
  20  2:03  Stalker  
  20  2:04  Stalker  
  22  2:08  Pylon  
  24  2:31  Stalker  
  24  2:36  Stargate  
  26  2:50  Stargate  
  25  2:53  Stalker  
  27  3:05  Pylon  
  27  3:07  Stalker  
  29  3:21  Shield Battery  
  33  3:37  Void Ray (Chrono Boost)  
  33  3:45  Stalker  
  35  3:54  Pylon  
  35  4:03  Stalker  
  41  4:43  Void Ray  
  41  4:49  Stalker x2  
  45  5:12  Pylon  
  45  5:24  Pylon  
  45  5:41  Void Ray  
  49  5:43  Gateway  
  49  5:45  Shield Battery  
  49  5:55  Stalker  
  45  6:22  Stalker x2  
  27  6:37  Stalker  
  25  6:50  Stalker  
  27  6:58  Stalker  
  25  7:05  Stalker  
  22  7:16  Stalker  
Show
View Real Time Build Order
Export as new Build Order

ohmygodism Terran - Winner!

Build Orders:  

Get SALT Encoding   

  12  0:00  SCV  
  13  0:12  SCV  
  14  0:19  Supply Depot  
  14  0:24  SCV  
  15  0:36  Refinery  
  15  0:42  Barracks  
  15  0:46  SCV  
  16  0:55  Supply Depot  
  16  1:02  SCV  
  17  1:24  Refinery  
  17  1:29  Orbital Command  
  17  1:30  Marine  
  18  1:38  Factory  
  18  1:49  Marine  
  19  2:00  SCV  
  20  2:07  Supply Depot  
  20  2:18  Marine  
  21  2:26  Factory Tech Lab, Armory  
  21  2:30  Starport  
  21  2:33  SCV  
  22  2:53  SCV  
  22  2:55  Marine  
  24  3:13  Thor  
  24  3:15  Medivac  
  32  3:28  SCV  
  32  3:34  Marine  
  34  3:38  Terran Vehicle Weapons Level 1  
  34  3:40  SCV  
  35  4:07  SCV  
  35  4:08  Command Center  
  36  4:44  Medivac  
  36  4:45  SCV  
  39  4:50  Supply Depot  
  39  4:55  Supply Depot  
  39  4:56  Supply Depot  
  39  5:12  SCV, Thor, Marine  
  47  5:22  Barracks  
  47  5:26  Viking  
  49  5:29  Marine  
  50  5:46  Factory  
  50  5:47  Marine  
  50  5:48  SCV  
  52  5:54  Thor  
  58  6:00  SCV  
  44  7:14  SCV  
  45  7:18  Factory Tech Lab  
Tags
 
Add a new tag
Caveats
  • Supply blocks, unpowered buildings, or Contaminate may cause inaccurate times.
  • Supply counts are checked every 10 seconds.